Toronto Maple Leafs vs Montreal Canadiens
Created - Thursday, August 22, 2024 at 09:09
Goals
|
| Toronto Maple Leafs |
1 |
4 |
2 |
7 |
| Montreal Canadiens |
0 |
3 |
0 |
3 |
|
Shots
|
| Toronto Maple Leafs |
5 |
20 |
10 |
35 |
| Montreal Canadiens |
15 |
16 |
12 |
43 |
|
1st period
1. Toronto Maple Leafs , Wyatt Johnston 4 (Quinton Byfield 3, Nicolas Roy 2) at 14:55
Penalties :
Vincent Trocheck (MTL) for Tripping (Minor) at 5:08
2nd period
2. Toronto Maple Leafs , Nicolas Roy 3 (Wyatt Johnston 5, Quinton Byfield 4) at 0:16
3. Toronto Maple Leafs , Sam Bennett 2 (Troy Terry 3, Nino Niederreiter 1) at 1:26
4. Montreal Canadiens , Ryan Lindgren 1 (Jake Evans 2, Dylan Larkin 6) at 7:37
5. Toronto Maple Leafs , Quinton Byfield 3 (Nicolas Roy 3) at 10:07
6. Montreal Canadiens , Patrik Laine 3 (Ilya Lyubushkin 1, Brady Skjei 1) at 10:43
7. Montreal Canadiens , Jonathan Marchessault 1 (Dylan Larkin 7, Vincent Trocheck 3) at 15:53 (PP)
8. Toronto Maple Leafs , Andrew Mangiapane 3 (Mario Ferraro 1, Brandon Saad 2) at 17:46
Penalties :
Brady Skjei (MTL) for Tripping (Minor) at 5:21, Juraj Slafkovsky (MTL) for Interference (Minor) at 11:25, Aaron Ekblad (TOR) for High sticking (Minor) at 15:50
3rd period
9. Toronto Maple Leafs , Brady Tkachuk 1 (Nick Bjugstad 2) at 5:25
10. Toronto Maple Leafs , Tomas Hertl 1 (Brady Tkachuk 3) at 7:43
Penalties :
Sam Bennett (TOR) for High sticking (Minor) at 2:31, Jonathan Marchessault (MTL) for Fighting (Major) at 8:48, Brady Tkachuk (TOR) for Fighting (Major) at 8:48, Wyatt Johnston (TOR) for Cross-checking (Minor) at 9:39, Aliaksei Protas (MTL) for Fighting (Major) at 15:43, Ryan Pulock (TOR) for Fighting (Major) at 15:43, Aaron Ekblad (TOR) for Roughing (Minor) at 15:46, Aaron Ekblad (TOR) for Roughing (Minor) at 19:43
Goalie Stats
Cam Talbot (TOR), 40 saves from 43 shots - (0.930), W, 4-0-1, 60:00 minutes
David Rittich (MTL), 14 saves from 17 shots - (0.824), 29:53 minutes
Jacob Markstrom (MTL), 14 saves from 18 shots - (0.778), L, 3-2-0, 30:07 minutes
Players Stats for Toronto Maple Leafs
Player Name G A P +/- PIM S H SB GA TA FO MP PP MP PK MP
------------------------------------------------------------------------------------
Aaron Ekblad 0 0 0 2 6 4 1 1 0 2 0/0 25:07 2:52 1:57
Andrew Mangiapane 1 0 1 1 0 2 1 0 1 0 0/1 7:57 0:00 0:18
Brady Tkachuk 1 1 2 0 5 4 1 0 0 0 1/1 16:57 3:06 0:09
Brandon Saad 0 1 1 1 0 2 0 0 1 0 0/0 6:47 0:00 0:00
Cody Ceci 0 0 0 1 0 3 1 2 0 0 0/0 17:27 0:00 2:36
Dougie Hamilton 0 0 0 1 0 0 2 1 0 1 0/0 17:56 2:52 1:40
Mario Ferraro 0 1 1 1 0 0 2 1 0 1 0/0 17:27 0:00 2:36
Nick Bjugstad 0 1 1 0 0 1 2 0 0 0 0/4 20:13 3:06 3:16
Nicolas Roy 1 2 3 3 0 3 1 0 0 0 1/1 16:55 0:00 2:42
Nino Niederreiter 0 1 1 1 0 2 0 0 1 0 0/0 12:04 0:00 0:00
Quinton Byfield 1 2 3 3 0 2 3 1 0 0 1/2 17:04 2:51 0:00
Ryan Pulock 0 0 0 3 5 1 0 0 0 1 0/0 24:27 3:05 2:00
Sam Bennett 1 0 1 1 2 1 2 0 0 1 4/13 12:14 0:00 0:00
Scott Laughton 0 0 0 1 0 2 1 0 1 1 3/6 10:22 0:00 3:16
Sean Walker 0 0 0 2 0 0 1 2 0 2 0/0 17:32 3:05 1:43
Tomas Hertl 1 0 1 0 0 3 0 0 0 0 15/28 20:29 3:06 2:51
Troy Terry 0 1 1 1 0 2 0 1 1 2 1/2 14:55 2:51 0:00
Wyatt Johnston 1 1 2 3 2 3 0 0 0 0 11/28 17:44 2:51 0:00
Players Stats for Montreal Canadiens
Player Name G A P +/- PIM S H SB GA TA FO MP PP MP PK MP
------------------------------------------------------------------------------------
Adam Fox 0 0 0 -3 0 2 1 0 0 0 0/0 27:17 3:04 4:07
Aliaksei Protas 0 0 0 0 5 1 0 0 0 0 0/0 6:08 0:00 0:00
Brady Skjei 0 1 1 -4 2 2 2 3 1 0 0/0 25:44 3:04 1:48
Claude Giroux 0 0 0 -1 0 5 0 2 2 0 2/4 17:33 2:13 3:10
Damon Severson 0 0 0 1 0 0 0 0 0 1 0/0 14:07 3:12 0:00
Dylan Larkin 0 2 2 -1 0 4 2 1 3 1 20/34 21:43 4:03 2:46
Ilya Lyubushkin 0 1 1 2 0 0 1 1 0 1 0/0 11:36 0:00 0:02
Jaden Schwartz 0 0 0 -1 0 2 0 0 1 0 0/1 10:35 0:00 0:00
Jake Evans 0 1 1 0 0 2 1 0 0 0 4/8 13:55 0:00 3:03
Jonathan Marchessault 1 0 1 -3 5 4 0 0 0 1 0/1 16:33 2:04 0:01
Juraj Slafkovsky 0 0 0 -2 2 3 3 1 1 0 1/2 16:53 2:13 0:00
Luke Glendening 0 0 0 0 0 0 1 0 0 0 1/4 6:43 0:00 0:00
Martin Necas 0 0 0 -3 0 4 0 0 0 0 1/2 17:22 2:07 0:00
Patrik Laine 1 0 1 -2 0 2 0 0 1 0 2/2 17:38 2:05 0:51
Ryan Lindgren 1 0 1 -3 0 1 1 2 0 0 0/0 18:23 0:00 2:50
Tyler Myers 0 0 0 -2 0 1 1 3 0 1 0/0 23:09 3:12 3:07
Vincent Trocheck 0 1 1 -3 2 7 0 0 2 0 18/28 21:56 4:03 2:03
Vladislav Namestnikov 0 0 0 0 0 3 0 0 0 0 0/0 6:43 0:00 0:00
3 Stars
1 - Quinton Byfield (TOR)
2 - Nicolas Roy (TOR)
3 - Wyatt Johnston (TOR)
Power Play
Toronto Maple Leafs - 0 on 3 Attempt(s) - 0.00%
Montreal Canadiens - 1 on 5 Attempt(s) - 20.00%
Penalty Kill
Toronto Maple Leafs - 4 on 5 Attempt(s) - 80.00%
- Score 0 goal in Penalty Kill
Montreal Canadiens - 3 on 3 Attempt(s) - 100.00%
- Score 0 goal in Penalty Kill
Team Stat
Toronto Maple Leafs - Hits : 18 - Faceoff Wins : 37 - Blocked Shots : 9 - Penalty Minutes : 20
Montreal Canadiens - Hits : 13 - Faceoff Wins : 49 - Blocked Shots : 13 - Penalty Minutes : 16
Official
Referees : Chris Schlenker and Mitch Dunning
Linesman : Travis Toomey and Caleb Apperson
Game Notes
David Rittich enters game at 10:07 of 2nd period
5:09 of 3rd period - Montreal Canadiens goal is going for a video replay. After video review, No Goal. The goalkeeper has been pushed into the net together with the puck after making a save.
Jonathan Marchessault and Brady Tkachuk fight to a draw at 8:48 of 3rd period
Aliaksei Protas and Ryan Pulock fight to a draw at 15:43 of 3rd period
Finance
Level 1 -- Attendance: 5971 (99.52%) -- Ticket Income $537,390
Level 2 -- Attendance: 4734 (94.68%) -- Ticket Income $236,700
Level 3 -- Attendance: 2763 (92.10%) -- Ticket Income $82,890
Level 4 -- Attendance: 4566 (91.32%) -- Ticket Income $91,320
Luxury Box -- Attendance: 968 (96.80%) -- Ticket Income $188,760
Game was played at the Bell Centre.
Total Attendance: 19002 (95.01%)
Total Ticket Income: $1,137,060
Other Income: $397,971
Total Income: $1,535,031
Toronto Maple Leafs
5 vs 5 Forward
Center Left Wing Right Wing Time % Phy DF OF
1 Tomas Hertl Brady Tkachuk Nick Bjugstad 30 1 2 2
2 Wyatt Johnston Quinton Byfield Nicolas Roy 30 1 2 2
3 Sam Bennett Nino Niederreiter Troy Terry 25 1 2 2
4 Scott Laughton Brandon Saad Andrew Mangiapane 15 1 2 2
5 vs 5 Defense
Defense Defense Time % Phy DF OF
1 Aaron Ekblad Ryan Pulock 30 1 2 2
2 Cody Ceci Mario Ferraro 30 1 2 2
3 Sean Walker Dougie Hamilton 25 1 2 2
4 Aaron Ekblad Ryan Pulock 15 1 2 2
PowerPlay Forward
Center Left Wing Right Wing Time % Phy DF OF
1 Tomas Hertl Brady Tkachuk Nick Bjugstad 50 1 2 2
2 Wyatt Johnston Quinton Byfield Troy Terry 50 1 2 2
PowerPlay Defense
Defense Defense Time % Phy DF OF
1 Aaron Ekblad Dougie Hamilton 50 1 2 2
2 Ryan Pulock Sean Walker 50 1 2 2
Penalty Kill 4 Players Forward
Center Wing Time % Phy DF OF
1 Nick Bjugstad Scott Laughton 50 1 2 2
2 Tomas Hertl Nicolas Roy 50 1 2 2
Penalty Kill 4 Players Defense
Defense Defense Time % Phy DF OF
1 Aaron Ekblad Ryan Pulock 50 1 2 2
2 Cody Ceci Mario Ferraro 50 1 2 2
Penalty Kill - 3 Players Forward
Forward Time % Phy DF OF
1 Nick Bjugstad 50 1 2 2
2 Tomas Hertl 50 1 2 2
Penalty Kill - 3 Players Defense
Defense Defense Time % Phy DF OF
1 Aaron Ekblad Ryan Pulock 50 1 2 2
2 Cody Ceci Mario Ferraro 50 1 2 2
4 vs 4 Forward
Center Wing Time % Phy DF OF
1 Scott Laughton Troy Terry 50 1 2 2
2 Sam Bennett Brady Tkachuk 50 1 2 2
4 vs 4 Defense
Defense Defense Time % Phy DF OF
1 Aaron Ekblad Ryan Pulock 50 1 2 2
2 Cody Ceci Mario Ferraro 50 1 2 2
Last Minutes Offensive
Center Left Wing Right Wing Defense Defense
Tomas Hertl Brady Tkachuk Nick Bjugstad Aaron Ekblad Dougie Hamilton
Last Minutes Defensive
Center Left Wing Right Wing Defense Defense
Tomas Hertl Scott Laughton Nick Bjugstad Aaron Ekblad Ryan Pulock
Goaltenders
Starting : Cam Talbot
Backup : Frederik Andersen
Extra Forwards
Normal : Scott Laughton, Brandon Saad, Andrew Mangiapane - PP : Sam Bennett, Andrew Mangiapane - PK : Andrew Mangiapane
Extra Defensemen
Normal : Sean Walker, Dougie Hamilton, Cody Ceci - PP : Mario Ferraro - PK : Sean Walker, Dougie Hamilton
Penalty Shots
Dougie Hamilton, Nick Bjugstad, Quinton Byfield, Troy Terry, Nicolas Roy
Scratches
Bowen Byram (Healthy), Kyle Okposo (Healthy), Warren Foegele (Healthy), Luke Schenn (Healthy), Pierre Engvall (Healthy)
Montreal Canadiens
5 vs 5 Forward
Center Left Wing Right Wing Time % Phy DF OF
1 Vincent Trocheck Jonathan Marchessault Martin Necas 35 1 2 2
2 Dylan Larkin Patrik Laine Juraj Slafkovsky 35 1 2 2
3 Jake Evans Jaden Schwartz Claude Giroux 20 1 2 2
4 Luke Glendening Vladislav Namestnikov Aliaksei Protas 10 1 2 2
5 vs 5 Defense
Defense Defense Time % Phy DF OF
1 Adam Fox Tyler Myers 35 1 2 2
2 Ryan Lindgren Brady Skjei 35 1 2 2
3 Damon Severson Ilya Lyubushkin 20 1 2 2
4 Adam Fox Brady Skjei 10 1 2 2
PowerPlay Forward
Center Left Wing Right Wing Time % Phy DF OF
1 Dylan Larkin Jonathan Marchessault Vincent Trocheck 50 0 1 4
2 Claude Giroux Patrik Laine Juraj Slafkovsky 50 0 1 4
PowerPlay Defense
Defense Defense Time % Phy DF OF
1 Adam Fox Brady Skjei 50 0 1 4
2 Tyler Myers Damon Severson 50 0 1 4
Penalty Kill 4 Players Forward
Center Wing Time % Phy DF OF
1 Vincent Trocheck Claude Giroux 50 1 3 1
2 Dylan Larkin Jake Evans 50 1 3 1
Penalty Kill 4 Players Defense
Defense Defense Time % Phy DF OF
1 Adam Fox Ryan Lindgren 50 1 3 1
2 Tyler Myers Brady Skjei 50 1 3 1
Penalty Kill - 3 Players Forward
Forward Time % Phy DF OF
1 Vincent Trocheck 50 1 4 0
2 Dylan Larkin 50 1 4 0
Penalty Kill - 3 Players Defense
Defense Defense Time % Phy DF OF
1 Adam Fox Ryan Lindgren 50 1 4 0
2 Tyler Myers Brady Skjei 50 1 4 0
4 vs 4 Forward
Center Wing Time % Phy DF OF
1 Vincent Trocheck Jonathan Marchessault 50 1 2 2
2 Dylan Larkin Patrik Laine 50 1 2 2
4 vs 4 Defense
Defense Defense Time % Phy DF OF
1 Adam Fox Brady Skjei 50 1 2 2
2 Tyler Myers Damon Severson 50 1 2 2
Last Minutes Offensive
Center Left Wing Right Wing Defense Defense
Dylan Larkin Jonathan Marchessault Vincent Trocheck Adam Fox Brady Skjei
Last Minutes Defensive
Center Left Wing Right Wing Defense Defense
Dylan Larkin Aliaksei Protas Vincent Trocheck Adam Fox Ryan Lindgren
Goaltenders
Starting : Jacob Markstrom
Backup : David Rittich
Extra Forwards
Normal : Vincent Trocheck, Dylan Larkin, Claude Giroux - PP : Martin Necas, Juraj Slafkovsky - PK : Jake Evans
Extra Defensemen
Normal : Adam Fox, Brady Skjei, Damon Severson - PP : Adam Fox - PK : Adam Fox, Brady Skjei
Penalty Shots
Patrik Laine, Vincent Trocheck, Claude Giroux, Jonathan Marchessault, Damon Severson
Scratches
Evgeni Dadonov (Healthy), Alexandre Carrier (Healthy)
% Time on Ice - Toronto Maple Leafs
Lines # - Real PCT - Wanted PCT - Time Play
Normal Forward
1 - 29% - 30% - 13:51
2 - 32% - 30% - 15:05
3 - 25% - 25% - 12:04
4 - 14% - 15% - 6:47
Normal Defense
1 - 31% - 30% - 15:00
2 - 31% - 30% - 15:03
3 - 25% - 25% - 12:04
4 - 12% - 15% - 5:40
PP Forward
1 - 52% - 50% - 3:06
2 - 48% - 50% - 2:51
PP Defense
1 - 48% - 50% - 2:52
2 - 52% - 50% - 3:05
PK Forward
1 - 52% - 50% - 3:16
2 - 48% - 50% - 3:00
PK Defense
1 - 59% - 50% - 3:40
2 - 41% - 50% - 2:36
PK3 Forward
1 - 0% - 50%
2 - 0% - 50%
PK3 Defense
1 - 0% - 50%
2 - 0% - 50%
44 Forward
1 - 0% - 50%
2 - 0% - 50%
44 Defense
1 - 0% - 50%
2 - 0% - 50%
Last Minute Offensive - 0:00
Last Minute Defensive - 0:00
Total
Forward - 60:00
Defense - 60:00
|
% Time on Ice - Montreal Canadiens
Lines # - Real PCT - Wanted PCT - Time Play
Normal Forward
1 - 33% - 35% - 15:38
2 - 31% - 35% - 14:51
3 - 22% - 20% - 10:35
4 - 14% - 10% - 6:43
Normal Defense
1 - 35% - 35% - 16:50
2 - 35% - 35% - 16:47
3 - 21% - 20% - 10:14
4 - 8% - 10% - 3:56
PP Forward
1 - 65% - 50% - 4:03
2 - 35% - 50% - 2:13
PP Defense
1 - 49% - 50% - 3:04
2 - 51% - 50% - 3:12
PK Forward
1 - 53% - 50% - 3:10
2 - 47% - 50% - 2:47
PK Defense
1 - 47% - 50% - 2:48
2 - 53% - 50% - 3:09
PK3 Forward
1 - 0% - 50%
2 - 0% - 50%
PK3 Defense
1 - 0% - 50%
2 - 0% - 50%
44 Forward
1 - 0% - 50%
2 - 0% - 50%
44 Defense
1 - 0% - 50%
2 - 0% - 50%
Last Minute Offensive - 0:00
Last Minute Defensive - 0:00
Total
Forward - 60:00
Defense - 60:00
|
Play-by-Play
1st period
0:01 of 1st period - Vincent Trocheck wins face-off versus Tomas Hertl in neutral zone.
0:26 of 1st period - Nicolas Roy is hit by Juraj Slafkovsky and loses puck.
0:49 of 1st period - Wrist shot by Troy Terry.
0:49 of 1st period - Stopped by Jacob Markstrom with a rebound.
0:51 of 1st period - Wrist shot by Troy Terry.
0:51 of 1st period - Shot Misses the Net.
1:32 of 1st period - Wrist shot by Tomas Hertl.
1:32 of 1st period - Stopped by Jacob Markstrom with a rebound.
1:53 of 1st period - Slapshot by Quinton Byfield.
1:53 of 1st period - Shot Blocked by Ilya Lyubushkin.
2:17 of 1st period - Snap shot by Claude Giroux.
2:17 of 1st period - Shot Blocked by Dougie Hamilton.
2:19 of 1st period - Slapshot by Adam Fox.
2:19 of 1st period - Stopped by Cam Talbot without a rebound.
2:20 of 1st period - Sam Bennett wins face-off versus Dylan Larkin in Toronto Maple Leafs zone.
3:07 of 1st period - Brady Tkachuk is hit by Luke Glendening and loses puck.
3:40 of 1st period - Snap shot by Juraj Slafkovsky.
3:40 of 1st period - Stopped by Cam Talbot without a rebound.
3:41 of 1st period - Quinton Byfield wins face-off versus Vincent Trocheck in Toronto Maple Leafs zone.
4:06 of 1st period - Dylan Larkin is hit by Mario Ferraro and loses puck.
4:27 of 1st period - Cody Ceci is hit by Jake Evans and loses puck.
4:36 of 1st period - Slapshot by Troy Terry.
4:36 of 1st period - Shot Misses the Net.
4:38 of 1st period - Snap shot by Cody Ceci.
4:38 of 1st period - Stopped by Jacob Markstrom without a rebound.
4:39 of 1st period - Vincent Trocheck wins face-off versus Wyatt Johnston in Montreal Canadiens zone.
4:46 of 1st period - Off-side.
4:47 of 1st period - Wyatt Johnston wins face-off versus Vincent Trocheck in neutral zone.
4:56 of 1st period - Snap shot by Vincent Trocheck.
4:56 of 1st period - Shot Misses the Net.
5:08 of 1st period - Minor Penalty to Vincent Trocheck for Tripping.
5:09 of 1st period - Tomas Hertl wins face-off versus Jake Evans in Montreal Canadiens zone.
6:07 of 1st period - Icing by Sean Walker.
6:08 of 1st period - Patrik Laine wins face-off versus Tomas Hertl in Toronto Maple Leafs zone.
7:08 of 1st period - Penalty to Vincent Trocheck is over, Vincent Trocheck is back on ice.
7:17 of 1st period - Off-side.
7:18 of 1st period - Vincent Trocheck wins face-off versus Scott Laughton in neutral zone.
7:38 of 1st period - Jonathan Marchessault is hit by Mario Ferraro and loses puck.
7:50 of 1st period - Off-side.
7:51 of 1st period - Dylan Larkin wins face-off versus Wyatt Johnston in neutral zone.
8:21 of 1st period - Ryan Lindgren is hit by Nick Bjugstad and loses puck.
8:41 of 1st period - Icing by Brady Skjei.
8:42 of 1st period - Troy Terry wins face-off versus Luke Glendening in Montreal Canadiens zone.
9:09 of 1st period - Snap shot by Dylan Larkin.
9:09 of 1st period - Stopped by Cam Talbot without a rebound.
9:10 of 1st period - Wyatt Johnston wins face-off versus Juraj Slafkovsky in Toronto Maple Leafs zone.
9:23 of 1st period - Adam Fox is hit by Quinton Byfield and loses puck.
9:39 of 1st period - Icing by Patrik Laine.
9:40 of 1st period - Tomas Hertl wins face-off versus Dylan Larkin in Montreal Canadiens zone.
9:49 of 1st period - Slapshot by Patrik Laine.
9:49 of 1st period - Shot Misses the Net.
9:51 of 1st period - Slapshot by Dylan Larkin.
9:51 of 1st period - Shot Misses the Net.
9:53 of 1st period - Snap shot by Damon Severson.
9:53 of 1st period - Deflect By Juraj Slafkovsky.
9:53 of 1st period - Deflect By Tomas Hertl.
9:53 of 1st period - Shot Misses the Net.
9:53 of 1st period - Puck is out of play.
9:54 of 1st period - Vincent Trocheck wins face-off versus Sam Bennett in Toronto Maple Leafs zone.
10:07 of 1st period - Wrist shot by Martin Necas.
10:07 of 1st period - Stopped by Cam Talbot with a rebound.
10:21 of 1st period - Claude Giroux is hit by Aaron Ekblad and loses puck.
10:28 of 1st period - Wrist shot by Tomas Hertl.
10:28 of 1st period - Deflect By Brady Tkachuk.
10:28 of 1st period - Shot Misses the Net.
10:28 of 1st period - Puck is out of play.
10:29 of 1st period - Dylan Larkin wins face-off versus Wyatt Johnston in Montreal Canadiens zone.
10:29 of 1st period - Dylan Larkin is hit by Quinton Byfield.
10:55 of 1st period - Sean Walker is hit by Ryan Lindgren and loses puck.
11:18 of 1st period - Wrist shot by Martin Necas.
11:18 of 1st period - Shot Misses the Net.
11:20 of 1st period - Slapshot by Vincent Trocheck.
11:20 of 1st period - Shot Misses the Net.
11:26 of 1st period - Snap shot by Jonathan Marchessault.
11:26 of 1st period - Stopped by Cam Talbot with a rebound.
11:28 of 1st period - Wrist shot by Vincent Trocheck.
11:28 of 1st period - Stopped by Cam Talbot without a rebound.
11:29 of 1st period - Sam Bennett wins face-off versus Dylan Larkin in Toronto Maple Leafs zone.
12:07 of 1st period - Backhand shot by Tomas Hertl.
12:07 of 1st period - Shot Misses the Net.
12:09 of 1st period - Slapshot by Nick Bjugstad.
12:09 of 1st period - Shot Blocked by Ryan Lindgren.
12:26 of 1st period - Slapshot by Brandon Saad.
12:26 of 1st period - Shot Blocked by Brady Skjei.
12:28 of 1st period - Slapshot by Cody Ceci.
12:28 of 1st period - Stopped by Jacob Markstrom without a rebound.
12:29 of 1st period - Tomas Hertl wins face-off versus Dylan Larkin in Montreal Canadiens zone.
12:44 of 1st period - Wrist shot by Tomas Hertl.
12:44 of 1st period - Shot Misses the Net.
12:55 of 1st period - Off-side.
12:56 of 1st period - Martin Necas wins face-off versus Troy Terry in neutral zone.
13:11 of 1st period - Snap shot by Martin Necas.
13:11 of 1st period - Stopped by Cam Talbot without a rebound.
13:12 of 1st period - Wyatt Johnston wins face-off versus Dylan Larkin in Toronto Maple Leafs zone.
14:35 of 1st period - Slapshot by Martin Necas.
14:35 of 1st period - Shot Misses the Net.
14:55 of 1st period - Snap shot by Wyatt Johnston.
14:55 of 1st period - Goal by Wyatt Johnston - Toronto Maple Leafs : 1 - Montreal Canadiens : 0.
14:56 of 1st period - Dylan Larkin wins face-off versus Tomas Hertl in neutral zone.
14:59 of 1st period - Mario Ferraro is hit by Juraj Slafkovsky and loses puck.
15:32 of 1st period - Snap shot by Jonathan Marchessault.
15:32 of 1st period - Stopped by Cam Talbot without a rebound.
15:33 of 1st period - Jake Evans wins face-off versus Tomas Hertl in Toronto Maple Leafs zone.
15:34 of 1st period - Wrist shot by Claude Giroux.
15:34 of 1st period - Stopped by Cam Talbot without a rebound.
15:35 of 1st period - Tomas Hertl wins face-off versus Jake Evans in Toronto Maple Leafs zone.
15:39 of 1st period - Icing by Brady Tkachuk.
15:40 of 1st period - Tomas Hertl wins face-off versus Jake Evans in Toronto Maple Leafs zone.
15:57 of 1st period - Wrist shot by Jaden Schwartz.
15:57 of 1st period - Shot Misses the Net.
16:45 of 1st period - Wrist shot by Jake Evans.
16:45 of 1st period - Shot Misses the Net.
16:47 of 1st period - Snap shot by Claude Giroux.
16:47 of 1st period - Stopped by Cam Talbot with a rebound.
16:49 of 1st period - Slapshot by Brady Skjei.
16:49 of 1st period - Stopped by Cam Talbot without a rebound.
16:50 of 1st period - Vincent Trocheck wins face-off versus Sam Bennett in Toronto Maple Leafs zone.
16:55 of 1st period - Slapshot by Vincent Trocheck.
16:55 of 1st period - Shot Misses the Net.
16:57 of 1st period - Slapshot by Adam Fox.
16:57 of 1st period - Stopped by Cam Talbot without a rebound.
16:58 of 1st period - Vincent Trocheck wins face-off versus Sam Bennett in Toronto Maple Leafs zone.
16:59 of 1st period - Snap shot by Jonathan Marchessault.
16:59 of 1st period - Stopped by Cam Talbot without a rebound.
17:00 of 1st period - Vincent Trocheck wins face-off versus Sam Bennett in Toronto Maple Leafs zone.
17:43 of 1st period - Snap shot by Vincent Trocheck.
17:43 of 1st period - Stopped by Cam Talbot with a rebound.
17:47 of 1st period - Wrist shot by Martin Necas.
17:47 of 1st period - Shot Misses the Net.
17:51 of 1st period - Snap shot by Martin Necas.
17:51 of 1st period - Stopped by Cam Talbot without a rebound.
17:52 of 1st period - Scott Laughton wins face-off versus Dylan Larkin in Toronto Maple Leafs zone.
19:49 of 1st period - Claude Giroux is hit by Dougie Hamilton and loses puck.
Goals for this period are 1 for Toronto Maple Leafs vs 0 for Montreal Canadiens.
Shots for this period are 5 for Toronto Maple Leafs vs 15 for Montreal Canadiens.
2nd period
0:01 of 2nd period - Dylan Larkin wins face-off versus Wyatt Johnston in neutral zone.
0:16 of 2nd period - Snap shot by Nicolas Roy.
0:16 of 2nd period - Goal by Nicolas Roy - Toronto Maple Leafs : 2 - Montreal Canadiens : 0.
0:17 of 2nd period - Juraj Slafkovsky wins face-off versus Sam Bennett in neutral zone.
0:27 of 2nd period - Slapshot by Juraj Slafkovsky.
0:27 of 2nd period - Deflect By Patrik Laine.
0:27 of 2nd period - Shot Misses the Net.
0:27 of 2nd period - Puck is out of play.
0:28 of 2nd period - Tomas Hertl wins face-off versus Dylan Larkin in Toronto Maple Leafs zone.
0:28 of 2nd period - Tomas Hertl is hit by Dylan Larkin.
0:54 of 2nd period - Martin Necas is hit by Andrew Mangiapane and loses puck.
1:08 of 2nd period - Icing by Mario Ferraro.
1:09 of 2nd period - Dylan Larkin wins face-off versus Andrew Mangiapane in Toronto Maple Leafs zone.
1:16 of 2nd period - Snap shot by Dylan Larkin.
1:16 of 2nd period - Stopped by Cam Talbot without a rebound.
1:17 of 2nd period - Dylan Larkin wins face-off versus Sam Bennett in Toronto Maple Leafs zone.
1:26 of 2nd period - Snap shot by Sam Bennett.
1:26 of 2nd period - Goal by Sam Bennett - Toronto Maple Leafs : 3 - Montreal Canadiens : 0.
1:27 of 2nd period - Wyatt Johnston wins face-off versus Jonathan Marchessault in neutral zone.
1:32 of 2nd period - Snap shot by Wyatt Johnston.
1:32 of 2nd period - Stopped by Jacob Markstrom without a rebound.
1:33 of 2nd period - Wyatt Johnston wins face-off versus Vincent Trocheck in Montreal Canadiens zone.
1:36 of 2nd period - Snap shot by Nicolas Roy.
1:36 of 2nd period - Stopped by Jacob Markstrom without a rebound.
1:37 of 2nd period - Wyatt Johnston wins face-off versus Vincent Trocheck in Montreal Canadiens zone.
1:40 of 2nd period - Slapshot by Wyatt Johnston.
1:40 of 2nd period - Shot Blocked by Tyler Myers.
1:56 of 2nd period - Snap shot by Jonathan Marchessault.
1:56 of 2nd period - Shot Misses the Net.
2:04 of 2nd period - Wrist shot by Martin Necas.
2:04 of 2nd period - Stopped by Cam Talbot without a rebound.
2:05 of 2nd period - Dylan Larkin wins face-off versus Tomas Hertl in Toronto Maple Leafs zone.
2:18 of 2nd period - Wrist shot by Nick Bjugstad.
2:18 of 2nd period - Shot Blocked by Juraj Slafkovsky.
2:20 of 2nd period - Snap shot by Ryan Pulock.
2:20 of 2nd period - Shot Blocked by Dylan Larkin.
2:22 of 2nd period - Slapshot by Aaron Ekblad.
2:22 of 2nd period - Deflect By Juraj Slafkovsky.
2:22 of 2nd period - Stopped by Jacob Markstrom without a rebound.
2:23 of 2nd period - Vincent Trocheck wins face-off versus Sam Bennett in Montreal Canadiens zone.
2:36 of 2nd period - Snap shot by Martin Necas.
2:36 of 2nd period - Deflect By Vincent Trocheck.
2:36 of 2nd period - Shot Misses the Net.
2:36 of 2nd period - Puck is out of play.
2:37 of 2nd period - Tomas Hertl wins face-off versus Dylan Larkin in Toronto Maple Leafs zone.
2:44 of 2nd period - Wrist shot by Brady Tkachuk.
2:44 of 2nd period - Shot Blocked by Brady Skjei.
2:52 of 2nd period - Ryan Pulock is hit by Juraj Slafkovsky.
3:13 of 2nd period - Wrist shot by Nino Niederreiter.
3:13 of 2nd period - Stopped by Jacob Markstrom without a rebound.
3:14 of 2nd period - Wyatt Johnston wins face-off versus Luke Glendening in Montreal Canadiens zone.
3:27 of 2nd period - Backhand shot by Tyler Myers.
3:27 of 2nd period - Shot Misses the Net.
4:04 of 2nd period - Slapshot by Vincent Trocheck.
4:04 of 2nd period - Stopped by Cam Talbot with a rebound.
4:06 of 2nd period - Wrist shot by Vincent Trocheck.
4:06 of 2nd period - Shot Hit the Post.
4:12 of 2nd period - Snap shot by Jonathan Marchessault.
4:12 of 2nd period - Shot Hit the Post.
4:48 of 2nd period - Snap shot by Scott Laughton.
4:48 of 2nd period - Stopped by Jacob Markstrom with a rebound.
4:50 of 2nd period - Backhand shot by Aaron Ekblad.
4:50 of 2nd period - Deflect By Vladislav Namestnikov.
4:50 of 2nd period - Stopped by Jacob Markstrom without a rebound.
4:51 of 2nd period - Dylan Larkin wins face-off versus Wyatt Johnston in Montreal Canadiens zone.
5:21 of 2nd period - Minor Penalty to Brady Skjei for Tripping.
5:22 of 2nd period - Jake Evans wins face-off versus Wyatt Johnston in Montreal Canadiens zone.
5:25 of 2nd period - Off-side.
5:26 of 2nd period - Dylan Larkin wins face-off versus Wyatt Johnston in neutral zone.
5:29 of 2nd period - Slapshot by Adam Fox.
5:29 of 2nd period - Shot Misses the Net.
5:55 of 2nd period - Snap shot by Brady Tkachuk.
5:55 of 2nd period - Shot Blocked by Claude Giroux.
5:57 of 2nd period - Wrist shot by Nick Bjugstad.
5:57 of 2nd period - Shot Blocked by Ryan Lindgren.
5:59 of 2nd period - Slapshot by Ryan Pulock.
5:59 of 2nd period - Deflect By Nick Bjugstad.
5:59 of 2nd period - Shot Misses the Net.
5:59 of 2nd period - Puck is out of play.
6:00 of 2nd period - Wyatt Johnston wins face-off versus Dylan Larkin in Montreal Canadiens zone.
6:07 of 2nd period - Wrist shot by Wyatt Johnston.
6:07 of 2nd period - Shot Misses the Net.
6:36 of 2nd period - Slapshot by Wyatt Johnston.
6:36 of 2nd period - Shot Misses the Net.
6:38 of 2nd period - Slapshot by Aaron Ekblad.
6:38 of 2nd period - Deflect By Wyatt Johnston.
6:38 of 2nd period - Stopped by Jacob Markstrom without a rebound.
6:39 of 2nd period - Tomas Hertl wins face-off versus Dylan Larkin in Montreal Canadiens zone.
6:44 of 2nd period - Wrist shot by Tomas Hertl.
6:44 of 2nd period - Stopped by Jacob Markstrom with a rebound.
6:46 of 2nd period - Snap shot by Brady Tkachuk.
6:46 of 2nd period - Deflect By Nick Bjugstad.
6:46 of 2nd period - Shot Misses the Net.
6:46 of 2nd period - Puck is out of play.
6:47 of 2nd period - Tomas Hertl wins face-off versus Dylan Larkin in Montreal Canadiens zone.
7:04 of 2nd period - Sean Walker is hit by Adam Fox and loses puck.
7:15 of 2nd period - Slapshot by Brady Tkachuk.
7:15 of 2nd period - Stopped by Jacob Markstrom with a rebound.
7:21 of 2nd period - Penalty to Brady Skjei is over, Brady Skjei is back on ice.
7:31 of 2nd period - Wrist shot by Dylan Larkin.
7:31 of 2nd period - Stopped by Cam Talbot with a rebound.
7:35 of 2nd period - Snap shot by Jake Evans.
7:35 of 2nd period - Stopped by Cam Talbot with a rebound.
7:37 of 2nd period - Slapshot by Ryan Lindgren.
7:37 of 2nd period - Goal by Ryan Lindgren - Toronto Maple Leafs : 3 - Montreal Canadiens : 1.
7:38 of 2nd period - Vincent Trocheck wins face-off versus Wyatt Johnston in neutral zone.
9:00 of 2nd period - Snap shot by Brady Tkachuk.
9:00 of 2nd period - Stopped by Jacob Markstrom with a rebound.
9:18 of 2nd period - Wrist shot by Wyatt Johnston.
9:18 of 2nd period - Shot Misses the Net.
9:30 of 2nd period - Snap shot by Dylan Larkin.
9:30 of 2nd period - Shot Misses the Net.
9:59 of 2nd period - Wrist shot by Jaden Schwartz.
9:59 of 2nd period - Stopped by Cam Talbot without a rebound.
10:00 of 2nd period - Vincent Trocheck wins face-off versus Wyatt Johnston in Toronto Maple Leafs zone.
10:01 of 2nd period - Snap shot by Martin Necas.
10:01 of 2nd period - Shot Blocked by Cody Ceci.
10:07 of 2nd period - Wrist shot by Nicolas Roy.
10:07 of 2nd period - Deflect By Quinton Byfield.
10:07 of 2nd period - Goal by Quinton Byfield - Toronto Maple Leafs : 4 - Montreal Canadiens : 1.
10:07 of 2nd period - David Rittich enters game.
10:08 of 2nd period - Vincent Trocheck wins face-off versus Wyatt Johnston in neutral zone.
10:35 of 2nd period - Adam Fox is hit by Brady Tkachuk.
10:41 of 2nd period - Wrist shot by Brady Skjei.
10:41 of 2nd period - Shot Misses the Net.
10:43 of 2nd period - Slapshot by Ilya Lyubushkin.
10:43 of 2nd period - Deflect By Patrik Laine.
10:43 of 2nd period - Goal by Patrik Laine - Toronto Maple Leafs : 4 - Montreal Canadiens : 2.
10:44 of 2nd period - Vincent Trocheck wins face-off versus Sam Bennett in neutral zone.
11:25 of 2nd period - Minor Penalty to Juraj Slafkovsky for Interference.
11:26 of 2nd period - Tomas Hertl wins face-off versus Dylan Larkin in Montreal Canadiens zone.
11:34 of 2nd period - Icing by Brady Tkachuk.
11:35 of 2nd period - Vincent Trocheck wins face-off versus Tomas Hertl in Toronto Maple Leafs zone.
13:25 of 2nd period - Penalty to Juraj Slafkovsky is over, Juraj Slafkovsky is back on ice.
13:51 of 2nd period - Slapshot by Andrew Mangiapane.
13:51 of 2nd period - Shot Blocked by Tyler Myers.
13:53 of 2nd period - Wrist shot by Andrew Mangiapane.
13:53 of 2nd period - Shot Blocked by Tyler Myers.
14:07 of 2nd period - Slapshot by Brady Skjei.
14:07 of 2nd period - Stopped by Cam Talbot without a rebound.
14:08 of 2nd period - Vincent Trocheck wins face-off versus Scott Laughton in Toronto Maple Leafs zone.
14:55 of 2nd period - Backhand shot by Troy Terry.
14:55 of 2nd period - Stopped by David Rittich without a rebound.
14:56 of 2nd period - Sam Bennett wins face-off versus Jaden Schwartz in Montreal Canadiens zone.
14:59 of 2nd period - Snap shot by Sam Bennett.
14:59 of 2nd period - Shot Misses the Net.
15:27 of 2nd period - Slapshot by Claude Giroux.
15:27 of 2nd period - Shot Misses the Net.
15:29 of 2nd period - Snap shot by Brady Skjei.
15:29 of 2nd period - Shot Misses the Net.
15:31 of 2nd period - Wrist shot by Claude Giroux.
15:31 of 2nd period - Shot Misses the Net.
15:35 of 2nd period - Slapshot by Claude Giroux.
15:35 of 2nd period - Shot Blocked by Mario Ferraro.
15:37 of 2nd period - Slapshot by Claude Giroux.
15:37 of 2nd period - Stopped by Cam Talbot with a rebound.
15:39 of 2nd period - Snap shot by Jaden Schwartz.
15:39 of 2nd period - Stopped by Cam Talbot with a rebound.
15:45 of 2nd period - Backhand shot by Jaden Schwartz.
15:45 of 2nd period - Shot Blocked by Cody Ceci.
15:47 of 2nd period - Snap shot by Ryan Lindgren.
15:47 of 2nd period - Deflect By Jaden Schwartz.
15:47 of 2nd period - Shot Misses the Net.
15:47 of 2nd period - Puck is out of play.
15:48 of 2nd period - Wyatt Johnston wins face-off versus Vincent Trocheck in Toronto Maple Leafs zone.
15:50 of 2nd period - Minor Penalty to Aaron Ekblad for High sticking.
15:51 of 2nd period - Dylan Larkin wins face-off versus Nick Bjugstad in Toronto Maple Leafs zone.
15:53 of 2nd period - Wrist shot by Dylan Larkin.
15:53 of 2nd period - Deflect By Jonathan Marchessault.
15:53 of 2nd period - Goal by Jonathan Marchessault - Toronto Maple Leafs : 4 - Montreal Canadiens : 3.
15:54 of 2nd period - Vincent Trocheck wins face-off versus Tomas Hertl in neutral zone.
15:56 of 2nd period - Off-side.
15:57 of 2nd period - Vincent Trocheck wins face-off versus Tomas Hertl in neutral zone.
15:59 of 2nd period - Off-side.
16:00 of 2nd period - Vincent Trocheck wins face-off versus Tomas Hertl in neutral zone.
16:07 of 2nd period - Wrist shot by Jonathan Marchessault.
16:07 of 2nd period - Shot Misses the Net.
16:48 of 2nd period - Slapshot by Tomas Hertl.
16:48 of 2nd period - Deflect By Nick Bjugstad.
16:48 of 2nd period - Stopped by David Rittich with a rebound.
16:50 of 2nd period - Slapshot by Ryan Pulock.
16:50 of 2nd period - Stopped by David Rittich with a rebound.
16:52 of 2nd period - Snap shot by Aaron Ekblad.
16:52 of 2nd period - Stopped by David Rittich without a rebound.
16:53 of 2nd period - Dylan Larkin wins face-off versus Wyatt Johnston in Montreal Canadiens zone.
16:53 of 2nd period - Dylan Larkin is hit by Quinton Byfield.
17:19 of 2nd period - Damon Severson is hit by Sam Bennett and loses puck.
17:40 of 2nd period - Wrist shot by Brandon Saad.
17:40 of 2nd period - Stopped by David Rittich with a rebound.
17:42 of 2nd period - Slapshot by Mario Ferraro.
17:42 of 2nd period - Shot Blocked by Brady Skjei.
17:46 of 2nd period - Snap shot by Andrew Mangiapane.
17:46 of 2nd period - Goal by Andrew Mangiapane - Toronto Maple Leafs : 5 - Montreal Canadiens : 3.
17:47 of 2nd period - Patrik Laine wins face-off versus Quinton Byfield in neutral zone.
18:12 of 2nd period - Nick Bjugstad is hit by Tyler Myers and loses puck.
18:23 of 2nd period - Wrist shot by Vincent Trocheck.
18:23 of 2nd period - Stopped by Cam Talbot with a rebound.
18:25 of 2nd period - Snap shot by Vincent Trocheck.
18:25 of 2nd period - Stopped by Cam Talbot with a rebound.
18:43 of 2nd period - Snap shot by Aaron Ekblad.
18:43 of 2nd period - Deflect By Jaden Schwartz.
18:43 of 2nd period - Stopped by David Rittich with a rebound.
18:59 of 2nd period - Wrist shot by Claude Giroux.
18:59 of 2nd period - Stopped by Cam Talbot with a rebound.
19:44 of 2nd period - Wrist shot by Jaden Schwartz.
19:44 of 2nd period - Shot Misses the Net.
19:46 of 2nd period - Wrist shot by Jake Evans.
19:46 of 2nd period - Shot Misses the Net.
19:48 of 2nd period - Snap shot by Jake Evans.
19:48 of 2nd period - Stopped by Cam Talbot without a rebound.
19:49 of 2nd period - Dylan Larkin wins face-off versus Wyatt Johnston in Toronto Maple Leafs zone.
Goals for this period are 4 for Toronto Maple Leafs vs 3 for Montreal Canadiens.
Shots for this period are 20 for Toronto Maple Leafs vs 16 for Montreal Canadiens.
3rd period
0:01 of 3rd period - Dylan Larkin wins face-off versus Wyatt Johnston in neutral zone.
0:26 of 3rd period - Juraj Slafkovsky is hit by Sam Bennett and loses puck.
0:41 of 3rd period - Snap shot by Dylan Larkin.
0:41 of 3rd period - Stopped by Cam Talbot with a rebound.
0:43 of 3rd period - Backhand shot by Adam Fox.
0:43 of 3rd period - Shot Blocked by Troy Terry.
0:59 of 3rd period - Wrist shot by Juraj Slafkovsky.
0:59 of 3rd period - Stopped by Cam Talbot with a rebound.
1:01 of 3rd period - Snap shot by Dylan Larkin.
1:01 of 3rd period - Deflect By Juraj Slafkovsky.
1:01 of 3rd period - Stopped by Cam Talbot with a rebound.
1:03 of 3rd period - Snap shot by Tyler Myers.
1:03 of 3rd period - Stopped by Cam Talbot with a rebound.
1:05 of 3rd period - Wrist shot by Patrik Laine.
1:05 of 3rd period - Deflect By Dylan Larkin.
1:05 of 3rd period - Shot Misses the Net.
1:05 of 3rd period - Puck is out of play.
1:06 of 3rd period - Wyatt Johnston wins face-off versus Martin Necas in Toronto Maple Leafs zone.
1:16 of 3rd period - Jonathan Marchessault is hit by Nicolas Roy and loses puck.
1:33 of 3rd period - Tomas Hertl is hit by Brady Skjei and loses puck.
1:42 of 3rd period - Wrist shot by Aliaksei Protas.
1:42 of 3rd period - Shot Misses the Net.
1:44 of 3rd period - Snap shot by Aliaksei Protas.
1:44 of 3rd period - Stopped by Cam Talbot without a rebound.
1:45 of 3rd period - Vincent Trocheck wins face-off versus Wyatt Johnston in Toronto Maple Leafs zone.
1:54 of 3rd period - Wrist shot by Jonathan Marchessault.
1:54 of 3rd period - Shot Blocked by Sean Walker.
1:56 of 3rd period - Wrist shot by Vincent Trocheck.
1:56 of 3rd period - Shot Blocked by Quinton Byfield.
2:12 of 3rd period - Luke Glendening is hit by Sean Walker and loses puck.
2:31 of 3rd period - Minor Penalty to Sam Bennett for High sticking.
2:32 of 3rd period - Claude Giroux wins face-off versus Tomas Hertl in Toronto Maple Leafs zone.
4:28 of 3rd period - Brady Tkachuk is hit by Brady Skjei and loses puck.
4:31 of 3rd period - Penalty to Sam Bennett is over, Sam Bennett is back on ice.
4:41 of 3rd period - Wrist shot by Brady Tkachuk.
4:41 of 3rd period - Stopped by David Rittich without a rebound.
4:42 of 3rd period - Sam Bennett wins face-off versus Luke Glendening in Montreal Canadiens zone.
4:47 of 3rd period - Wrist shot by Troy Terry.
4:47 of 3rd period - Shot Misses the Net.
5:03 of 3rd period - Wrist shot by Aliaksei Protas.
5:03 of 3rd period - Shot Misses the Net.
5:05 of 3rd period - Snap shot by Aliaksei Protas.
5:05 of 3rd period - Deflect By Vladislav Namestnikov.
5:05 of 3rd period - Stopped by Cam Talbot with a rebound.
5:07 of 3rd period - Slapshot by Tyler Myers.
5:07 of 3rd period - Shot Misses the Net.
5:09 of 3rd period - Wrist shot by Vladislav Namestnikov.
5:09 of 3rd period - Montreal Canadiens goal is going for a video replay.
5:09 of 3rd period - The goal is refused. The goalkeeper has been pushed into the net together with the puck after making a save..
5:10 of 3rd period - Tomas Hertl wins face-off versus Vincent Trocheck in Toronto Maple Leafs zone.
5:25 of 3rd period - Wrist shot by Brady Tkachuk.
5:25 of 3rd period - Goal by Brady Tkachuk - Toronto Maple Leafs : 6 - Montreal Canadiens : 3.
5:26 of 3rd period - Dylan Larkin wins face-off versus Wyatt Johnston in neutral zone.
5:53 of 3rd period - Martin Necas is hit by Nick Bjugstad and loses puck.
6:14 of 3rd period - Slapshot by Ryan Pulock.
6:14 of 3rd period - Deflect By Scott Laughton.
6:14 of 3rd period - Shot Hit the Post.
6:14 of 3rd period - Puck is out of play.
6:15 of 3rd period - Scott Laughton wins face-off versus Jake Evans in Montreal Canadiens zone.
6:16 of 3rd period - Snap shot by Andrew Mangiapane.
6:16 of 3rd period - Shot Misses the Net.
6:18 of 3rd period - Snap shot by Scott Laughton.
6:18 of 3rd period - Shot Misses the Net.
6:24 of 3rd period - Wrist shot by Andrew Mangiapane.
6:24 of 3rd period - Stopped by David Rittich with a rebound.
6:30 of 3rd period - Snap shot by Brandon Saad.
6:30 of 3rd period - Stopped by David Rittich without a rebound.
6:31 of 3rd period - Dylan Larkin wins face-off versus Wyatt Johnston in Montreal Canadiens zone.
6:31 of 3rd period - Dylan Larkin is hit by Cody Ceci.
6:45 of 3rd period - Snap shot by Juraj Slafkovsky.
6:45 of 3rd period - Deflect By Patrik Laine.
6:45 of 3rd period - Stopped by Cam Talbot without a rebound.
6:46 of 3rd period - Tomas Hertl wins face-off versus Vincent Trocheck in Toronto Maple Leafs zone.
7:12 of 3rd period - Icing by Quinton Byfield.
7:13 of 3rd period - Dylan Larkin wins face-off versus Wyatt Johnston in Toronto Maple Leafs zone.
7:18 of 3rd period - Snap shot by Juraj Slafkovsky.
7:18 of 3rd period - Shot Misses the Net.
7:41 of 3rd period - Icing by Brady Skjei.
7:42 of 3rd period - Brady Tkachuk wins face-off versus Vincent Trocheck in Montreal Canadiens zone.
7:43 of 3rd period - Wrist shot by Tomas Hertl.
7:43 of 3rd period - Goal by Tomas Hertl - Toronto Maple Leafs : 7 - Montreal Canadiens : 3.
7:44 of 3rd period - Dylan Larkin wins face-off versus Tomas Hertl in neutral zone.
8:44 of 3rd period - Adam Fox is hit by Scott Laughton.
8:45 of 3rd period - Icing by Adam Fox.
8:46 of 3rd period - Tomas Hertl wins face-off versus Vincent Trocheck in Montreal Canadiens zone.
8:48 of 3rd period - Jonathan Marchessault and Brady Tkachuk fight to a draw.
8:48 of 3rd period - Penalty to Jonathan Marchessault for Fighting.
8:48 of 3rd period - Penalty to Brady Tkachuk for Fighting.
8:49 of 3rd period - Tomas Hertl wins face-off versus Dylan Larkin in Montreal Canadiens zone.
8:50 of 3rd period - Wrist shot by Scott Laughton.
8:50 of 3rd period - Stopped by David Rittich with a rebound.
9:20 of 3rd period - Icing by Vincent Trocheck.
9:21 of 3rd period - Nicolas Roy wins face-off versus Vincent Trocheck in Montreal Canadiens zone.
9:39 of 3rd period - Minor Penalty to Wyatt Johnston for Cross-checking.
9:40 of 3rd period - Dylan Larkin wins face-off versus Nick Bjugstad in Toronto Maple Leafs zone.
11:11 of 3rd period - Wrist shot by Dylan Larkin.
11:11 of 3rd period - Shot Misses the Net.
11:39 of 3rd period - Penalty to Wyatt Johnston is over, Wyatt Johnston is back on ice.
12:15 of 3rd period - Snap shot by Vincent Trocheck.
12:15 of 3rd period - Stopped by Cam Talbot with a rebound.
12:17 of 3rd period - Slapshot by Damon Severson.
12:17 of 3rd period - Shot Blocked by Aaron Ekblad.
12:19 of 3rd period - Snap shot by Vincent Trocheck.
12:19 of 3rd period - Stopped by Cam Talbot without a rebound.
12:20 of 3rd period - Jake Evans wins face-off versus Sam Bennett in Toronto Maple Leafs zone.
13:15 of 3rd period - Off-side.
13:16 of 3rd period - Jake Evans wins face-off versus Scott Laughton in neutral zone.
13:39 of 3rd period - Dougie Hamilton is hit by Ilya Lyubushkin and loses puck.
13:50 of 3rd period - Snap shot by Claude Giroux.
13:50 of 3rd period - Stopped by Cam Talbot with a rebound.
14:53 of 3rd period - Wrist shot by Scott Laughton.
14:53 of 3rd period - Shot Misses the Net.
15:07 of 3rd period - Slapshot by Ryan Pulock.
15:07 of 3rd period - Shot Blocked by Claude Giroux.
15:09 of 3rd period - Snap shot by Sam Bennett.
15:09 of 3rd period - Shot Misses the Net.
15:11 of 3rd period - Slapshot by Cody Ceci.
15:11 of 3rd period - Deflect By Claude Giroux.
15:11 of 3rd period - Stopped by David Rittich with a rebound.
15:13 of 3rd period - Slapshot by Nino Niederreiter.
15:13 of 3rd period - Stopped by David Rittich without a rebound.
15:14 of 3rd period - Wyatt Johnston wins face-off versus Claude Giroux in Montreal Canadiens zone.
15:15 of 3rd period - Slapshot by Nicolas Roy.
15:15 of 3rd period - Stopped by David Rittich with a rebound.
15:17 of 3rd period - Wrist shot by Nicolas Roy.
15:17 of 3rd period - Shot Misses the Net.
15:29 of 3rd period - Slapshot by Quinton Byfield.
15:29 of 3rd period - Stopped by David Rittich without a rebound.
15:30 of 3rd period - Luke Glendening wins face-off versus Tomas Hertl in Montreal Canadiens zone.
15:43 of 3rd period - Snap shot by Vladislav Namestnikov.
15:43 of 3rd period - Stopped by Cam Talbot without a rebound.
15:43 of 3rd period - Aliaksei Protas and Ryan Pulock fight to a draw.
15:43 of 3rd period - Penalty to Aliaksei Protas for Fighting.
15:43 of 3rd period - Penalty to Ryan Pulock for Fighting.
15:44 of 3rd period - Tomas Hertl wins face-off versus Dylan Larkin in Toronto Maple Leafs zone.
15:46 of 3rd period - Minor Penalty to Aaron Ekblad for Roughing.
15:47 of 3rd period - Scott Laughton wins face-off versus Claude Giroux in Toronto Maple Leafs zone.
15:58 of 3rd period - Claude Giroux is hit by Dougie Hamilton and loses puck.
17:00 of 3rd period - Mario Ferraro is hit by Dylan Larkin and loses puck.
17:22 of 3rd period - Icing by Damon Severson.
17:23 of 3rd period - Dylan Larkin wins face-off versus Tomas Hertl in Montreal Canadiens zone.
17:27 of 3rd period - Off-side.
17:28 of 3rd period - Claude Giroux wins face-off versus Nick Bjugstad in neutral zone.
17:46 of 3rd period - Penalty to Aaron Ekblad is over, Aaron Ekblad is back on ice.
19:43 of 3rd period - Minor Penalty to Aaron Ekblad for Roughing.
19:44 of 3rd period - Dylan Larkin wins face-off versus Nick Bjugstad in Toronto Maple Leafs zone.
19:48 of 3rd period - Wrist shot by Vincent Trocheck.
19:48 of 3rd period - Shot Blocked by Sean Walker.
Goals for this period are 2 for Toronto Maple Leafs vs 0 for Montreal Canadiens.
Shots for this period are 10 for Toronto Maple Leafs vs 12 for Montreal Canadiens.
Back to the Top